 Dungeon Crawl Stone Soup version 0.29.1-2-gbd0b4ee654 (webtiles) character file.

Game seed: 9243540115920831525

39798 MisterFreud the Spry (level 13, -6/68 HPs)
             Began as a Felid Berserker on Nov 7, 2022.
             Was the Champion of Trog.
             Mangled by a merfolk impaler
             ... wielding a +0 trident of venom
              (22 damage)
             ... on level 1 of the Shoals.
             The game lasted 00:36:32 (31504 turns).

MisterFreud the Spry (Felid Berserker)             Turns: 31504, Time: 00:36:33

Health: -6/68      AC:  3    Str: 19    XL:     13   Next: 71%
Magic:  0/14       EV: 37    Int:  9    God:    Trog [******]
Gold:   1856       SH:  0    Dex: 23    Spells: 12/12 levels left
                                        Lives:  0   Deaths: 3

rFire   . . .      SeeInvis +     - Unarmed
rCold   + . .      Faith    .   (shield unavailable)
rNeg    . . .      Spirit   +   (body armour unavailable)
rPois   .          Reflect  .   (helmet unavailable)
rElec   .          Harm     .   (cloak unavailable)
rCorr   .          Rampage  .   (gloves unavailable)
Will    ++++.                   (boots unavailable)
Stlth   +++++.....              m - amulet of guardian spirit
HPRegen 1.21/turn               C - ring of willpower
MPRegen 0.14/turn               y - +6 ring of strength

@: strong-willed, regenerating, studying Evocations, quick
A: very small, claws 1, fangs 3, see invisible, speed 1, shaggy fur 3, stealthy
paws, no weapons or thrown items, no armour, multi-lived
a: Renounce Religion, Berserk, Trog's Hand, Brothers in Arms


You were on level 1 of the Shoals.
You worshipped Trog.
Trog was exalted by your worship.
You visited 4 branches of the dungeon, and saw 22 of its levels.
You also visited: Bailey.

You collected 1949 gold pieces.
You spent 93 gold pieces at shops.

Inventory:

Jewellery
 l - the amulet "Begomn" {Acrobat rF- Str+3}
   (You found it on level 4 of the Dungeon)

   [amulet of the acrobat]

   It increases your evasion while moving and waiting.
   Str:       It affects your strength (+3).
   rF:        It makes you vulnerable to fire.
 m - an amulet of guardian spirit (around neck)
 y - a +6 ring of strength (right paw)
 C - a ring of willpower (left paw)
 I - a ring of protection from fire
Wands
 h - a wand of charming (17)
 n - a wand of roots (33)
 p - a wand of flame (69)
 v - a wand of polymorph (11)
 w - a wand of acid (23)
 D - a wand of digging (1)
 F - a wand of mindburst (12)
Scrolls
 i - 3 scrolls of butterflies
 j - 4 scrolls of blinking
 r - 6 scrolls of identify
 t - 2 scrolls of magic mapping
 u - 8 scrolls of teleportation
 E - 2 scrolls of torment
 G - 2 scrolls of fear
Potions
 a - 2 potions of resistance
 b - 7 potions of attraction
 c - 3 potions of haste
 d - a potion of berserk rage
 e - 3 potions of ambrosia
 f - 2 potions of magic
 g - 5 potions of curing
 k - 6 potions of flight
 o - 3 potions of might
 q - 5 potions of mutation
 s - 3 potions of lignification
 x - a potion of cancellation
 A - 2 potions of heal wounds
Miscellaneous
 z - a condenser vane (inert)
 B - a phantom mirror


   Skills:
 + Level 14.3 Fighting
 + Level 19.0 Dodging
 - Level 10.0 Stealth
 - Level 15.0 Unarmed Combat
 - Level 15.0 Evocations


You had 12 spell levels left.
You didn't know any spells.
Your spell library was empty.

Dungeon Overview and Level Annotations

Branches:
Dungeon (15/15)            Temple (1/1) D:5            Lair (5/5) D:8
 Shoals (1/4) Lair:2        Snake (0/4) Lair:2        Slime (0/5) Lair:5
    Orc (0/2) D:10         Vaults (0/5) D:14         Depths (0/4) D:15
 Bailey (visited)

Altars:
Ashenzari
Cheibriados
Fedhas
Gozag
Hepliaklqana
Makhleb
Qazlal
The Shining One
Jiyva

Shops:
D:10 [*

Portals:
Trove: D:10 (give horn of Geryon)

Annotations:
D:13 exclusion: obsidian statue
Lair:4 2 transporters


Innate Abilities, Weirdness & Mutations

You have sharp claws.
You have razor-sharp teeth.
You have supernaturally acute eyesight. (SInv)
You cover ground quickly. (Speed+)
Your thick and shaggy fur keeps you warm. (AC +3, rC+)
Your paws help you pounce on unaware monsters.
You are incapable of wielding weapons or throwing items.
You cannot wear armour.
You gain extra lives every three experience levels.


Message History

The harpy completely misses you. x5; The harpy claws you but does no damage.
The yaktaur wields a +0 arbalest.
The yaktaur shoots a bolt.
The bolt completely misses you. The merfolk impaler closely misses you.
The harpy closely misses you. The harpy completely misses you.
You claw the harpy!
The harpy is heavily wounded.
The harpy completely misses you. x2
The merfolk impaler completely misses you.
The yaktaur shoots a bolt.
The bolt completely misses you.
You barely miss the harpy.
The harpy is heavily wounded.
The harpy completely misses you. The harpy barely misses you.
The harpy claws you! The harpy completely misses you. x2
The harpy closely misses you. x2; The harpy completely misses you.
The merfolk impaler misses you.
Your skin crawls.
You feel strong-willed.
The harpy screeches!
The harpy misses you. The harpy completely misses you. The harpy misses you.
The harpy claws you! The harpy completely misses you. x2
The yaktaur shoots a bolt.
The bolt barely misses you. The merfolk impaler barely misses you.
The merfolk impaler misses you.
The harpy claws the bush! x2; The harpy claws you.
The harpy completely misses you.
Unknown command.
Clouds of freezing vapour condense around you!
The condenser dries out!
The bush is engulfed in freezing vapours. x9
The harpy is engulfed in freezing vapours. x2
The harpy claws the bush.
The harpy claws the bush but does no damage.
The harpy is engulfed in freezing vapours. x2
The harpy misses you. The harpy completely misses you.
The yaktaur is engulfed in freezing vapours.
The yaktaur shoots a bolt.
The bolt hits you!
* * * LOW HITPOINT WARNING * * *
The harpy is engulfed in freezing vapours.
The merfolk impaler is engulfed in freezing vapours.
The merfolk impaler hits you from afar with a +0 trident of venom!!
You die...

≈~~~~...#.# #.# #
≈~~~~~..#.#####.########
≈~~~~~..........~~~~~~~~
≈~~~~~...........~~~~...
≈~~~~~...............(..
~~~~~!~.................
~~~~§§§.........$.......
~~~~§§§HPPPPP...........
~~~~§§H@H§§.P...........
~~~~~.§§PPP.P...........
~~~~~.§mPc§~P...........
~~~~~.§§PPPPP..........:
~~~~~~... ....~.........
~~~~~~...~~~~~~~........
~~~~~~~..~ ~..~....
~~~~~~~.~~~ ~~~~~...
≈≈~~~~~)


You could see a merfolk impaler, a yaktaur and 3 harpies.

Vanquished Creatures
  Gastronok (Lair:2)
  An eleionoma (shapeshifter) (D:15)
  Snorg (Lair:5)
  A rakshasa (D:14)
  4 vault guards (D:14)
  5 boulder beetles
  7 hydras
  4 catoblepae
  2 ogre magi
  Erica (Lair:2)
  The ghost of Mefist the Thaumaturge, a journeyman DEFE of Sif Muna (Lair:3)
  3 centaur warriors
  8 two-headed ogres
  3 death yaks (Lair:5)
  Nergalle (D:10)
  Urug (Lair:5)
  Lodul (D:13)
  2 sea snakes (Shoals:1)
  A lindwurm (Lair:3)
  An orc knight (D:14)
  4 deep elf pyromancers
  A necromancer (D:15)
  14 ugly things
  A wizard (D:15)
  4 cyclopes
  3 orc sorcerers
  3 manticores
  A merfolk siren (Lair:2)
  9 elephants
  Maurice (D:13)
  A torpor snail (Lair:5)
  A centaur zombie (D:15)
  2 gargoyles
  8 black mambas
  10 cane toads
  A kobold demonologist (D:11)
  An efreet (D:14)
  2 unseen horrors (D:12)
  Maggie (D:8)
  A centaur skeleton (D:15)
  A yaktaur (D:14)
  10 komodo dragons
  2 freezing wraiths
  4 rime drakes
  2 merfolk (Shoals:1)
  3 meliai (D:14)
  5 trolls
  2 polar bears (Lair:3)
  3 hornets
  10 dream sheep
  Grinder (D:5)
  16 slime creatures
  A snapping turtle (Shoals:1)
  10 blink frogs
  The ghost of minbekrie the Trooper, an amateur OgMo (D:5)
  Sigmund (D:4)
  2 vampires
  2 shadows
  70 yaks
  5 wyverns
  4 basilisks
  3 wraiths
  4 steam dragons
  5 vampire mosquitoes
  Edmund (D:4)
  17 water moccasins
  Duvessa (D:5)
  A hornet zombie (D:15)
  7 orc warriors
  2 ice beasts
  6 black bears
  9 ogres
  8 centaurs
  3 boggarts (D:15)
  A phantom (D:5)
  3 kobold brigands
  7 bullfrogs
  10 wights
  A gnoll sergeant (D:9)
  A hornet simulacrum (D:15)
  Dowan (D:5)
  17 killer bees
  7 vampire bats (Bailey)
  6 wolf zombies (Bailey)
  7 howler monkeys
  An electric eel (Lair:2)
  5 crimson imps (D:8)
  A lava snake (D:10)
  8 jellies
  3 hounds
  2 gnoll boudas
  5 orc priests
  Crazy Yiuf (D:5)
  Natasha (thrice) (D:4)
  An iguana (D:5)
  14 orc wizards
  18 gnolls
  5 adders
  A shadow imp (D:8)
  5 white imps
  An ufetubus (D:4)
  4 worms
  2 dart slugs (D:4)
  38 orcs
  5 ball pythons
  5 endoplasms
  2 giant cockroaches
  7 goblins
  4 hobgoblins
  2 quokkas
  3 bats
  2 frilled lizards (D:2)
  29 kobolds
  15 orc zombies (Bailey)
  4 rats
597 creatures vanquished.

Vanquished Creatures (collateral kills)
  A death yak (Lair:5)
  A manticore (Lair:5)
  A yak (Lair:5)
3 creatures vanquished.

Vanquished Creatures (others)
  A crimson imp (D:8)
  A gnoll (D:7)
  2 kobolds (D:7)
  13 fungi
  44 plants
61 creatures vanquished.

Grand Total: 661 creatures vanquished

Notes
Turn   | Place    | Note
-------+----------+-------------------------------------------
     0 | D:1      | MisterFreud the Felid Berserker began the quest for the
                  | Orb.
     0 | D:1      | Reached XP level 1. HP: 10/10 MP: 2/2
   268 | D:1      | Reached skill level 1 in Stealth
   378 | D:1      | Reached XP level 2. HP: 12/14 MP: 3/3
   910 | D:2      | Found a burning altar of Makhleb.
  1169 | D:2      | Reached XP level 3. HP: 17/17 MP: 4/4
  1437 | D:2      | Reached ** piety under Trog
  2086 | D:2      | Found a faded altar of an unknown god.
  2294 | D:3      | Reached XP level 4. HP: 9/21 MP: 5/5
  2556 | D:3      | Found a broken altar of Ashenzari.
  2561 | D:3      | Found a snail-covered altar of Cheibriados.
  2561 | D:3      | Found an opulent altar of Gozag.
  2572 | D:3      | Found a hazy altar of Hepliaklqana.
  2575 | D:3      | Found a blossoming altar of Fedhas.
  2951 | D:3      | Reached XP level 5. HP: 24/24 MP: 6/6
  3352 | D:3      | Reached skill level 5 in Stealth
  3840 | D:4      | Noticed Sigmund
  3849 | D:4      | Killed Sigmund
  3850 | D:4      | Reached skill level 5 in Unarmed Combat
  3850 | D:4      | Gained mutation: You are covered in thick fur. (AC +2)
                  | [Felid growth]
  3850 | D:4      | Reached XP level 6. HP: 28/28 MP: 7/7
  4000 | D:4      | Identified the amulet "Begomn" {Acrobat rF- Str+3}
  4105 | D:4      | Reached skill level 5 in Dodging
  4343 | D:4      | Noticed Natasha
  4354 | D:4      | Killed Natasha
  4355 | D:4      | Reached XP level 7. HP: 23/31 MP: 5/8
  4679 | D:4      | Noticed Edmund
  4692 | D:4      | Killed Edmund
  4693 | D:4      | Reached skill level 6 in Dodging
  4694 | D:4      | Slain by an ogre
  4695 | D:4      | Reached XP level 6. HP: -1/42 MP: 0/7
  4701 | D:4      | Noticed Natasha
  4709 | D:4      | Killed Natasha
  4710 | D:4      | Reached skill level 7 in Dodging
  4889 | D:4      | Noticed Natasha
  4895 | D:4      | Killed Natasha
  4913 | D:5      | Entered Level 5 of the Dungeon
  4913 | D:5      | Found a staircase to the Ecumenical Temple.
  5125 | D:5      | Noticed Duvessa
  5132 | D:5      | Reached skill level 8 in Dodging
  5132 | D:5      | Reached XP level 7. HP: 31/31 MP: 8/8
  5137 | D:5      | Killed Duvessa
  5137 | D:5      | Noticed Dowan
  5138 | D:5      | Reached skill level 9 in Dodging
  5142 | D:5      | Killed Dowan
  5191 | D:5      | Noticed Grinder
  5211 | D:5      | Killed Grinder
  5212 | D:5      | Reached skill level 10 in Dodging
  5473 | D:5      | Reached XP level 8. HP: 36/36 MP: 4/9
  5609 | D:5      | Reached skill level 5 in Fighting
  5773 | D:5      | Found a runed translucent gate.
  5773 | D:5      | Found a runed translucent gate.
  5775 | D:5      | Found a runed translucent gate.
  5776 | D:5      | Noticed minbekrie's ghost (amateur OgMo)
  5925 | D:5      | Found a runed translucent door.
  5926 | D:5      | Noticed Crazy Yiuf
  5936 | D:5      | Killed Crazy Yiuf
  6141 | D:5      | Reached *** piety under Trog
  6535 | D:5      | Killed minbekrie's ghost
  6645 | Temple   | Entered the Ecumenical Temple
  7444 | D:6      | Reached XP level 9. HP: 37/41 MP: 7/10
  8152 | D:7      | Reached skill level 10 in Stealth
  8315 | D:7      | Reached **** piety under Trog
  8554 | D:7      | Found a stormy altar of Qazlal.
  9090 | D:8      | Found a staircase to the Lair.
  9124 | D:8      | Noticed Maggie
  9128 | D:8      | HP: 1/41 [Maggie/bolt of fire (21)]
  9137 | D:8      | Killed Maggie
  9138 | D:8      | Reached skill level 10 in Unarmed Combat
  9138 | D:8      | Reached XP level 10. HP: 26/45 MP: 0/11
  9416 | D:8      | Reached skill level 1 in Evocations
 10312 | D:10     | Entered Level 10 of the Dungeon
 10323 | D:10     | HP: 1/46 [gnoll/+0 halberd[a gnoll bouda] (6)]
 10327 | D:10     | Found Plog's Assorted Antiques.
 10348 | D:10     | Reached ***** piety under Trog
 10392 | D:10     | Found a portal to a secret trove of treasure.
 10409 | D:10     | Found Pieninge's Armour Shop.
 10409 | D:10     | Found a staircase to the Orcish Mines.
 10420 | D:10     | Reached skill level 11 in Dodging
 10870 | D:10     | Found a flagged portal.
 10879 | Bailey   | Entered a bailey
 10977 | Bailey   | Noticed a gargoyle
 10990 | Bailey   | Killed a gargoyle
 11509 | Bailey   | Identified the +0 chain mail of the Chupacabra {Regen+
                  | Dex-4 Slay+3}
 11568 | Bailey   | Reached skill level 5 in Evocations
 12048 | D:10     | Bought a scroll of teleportation for 93 gold pieces
 12276 | D:10     | Noticed Nergalle
 12293 | D:10     | Noticed a spectral orc warlord
 12294 | D:10     | Killed Nergalle
 12295 | D:10     | Reached skill level 12 in Dodging
 12295 | D:10     | Reached XP level 11. HP: 51/51 MP: 9/12
 12737 | D:9      | Noticed a two-headed ogre
 12740 | D:9      | Killed a two-headed ogre
 12791 | D:9      | Noticed a seven-headed hydra
 12819 | D:9      | Killed a seven-headed hydra
 13171 | D:9      | Reached skill level 13 in Dodging
 15081 | D:11     | Noticed a two-headed ogre
 15098 | D:11     | Killed a two-headed ogre
 15384 | D:12     | Noticed an eight-headed hydra
 15444 | D:13     | Noticed an obsidian statue
 15629 | D:13     | Noticed Lodul
 15631 | D:13     | Killed Lodul
 15632 | D:13     | Gained mutation: Your thick and shaggy fur keeps you warm.
                  | (AC +3, rC+) [Felid growth]
 15632 | D:13     | Reached XP level 12. HP: 58/58 MP: 13/13
 15635 | D:13     | Reached skill level 14 in Dodging
 15638 | D:13     | Reached skill level 10 in Fighting
 15953 | D:13     | Reached ****** piety under Trog
 16060 | D:13     | Noticed Maurice
 16071 | D:13     | Killed Maurice
 16737 | D:12     | Reached skill level 10 in Evocations
 16811 | D:12     | Identified a scroll of acquirement
 16811 | D:12     | Acquired a manual of Evocations
 16920 | D:12     | Killed an eight-headed hydra
 17312 | Lair:1   | Entered Level 1 of the Lair of Beasts
 17512 | Lair:1   | Identified the +3 longbow "Nimal" {vorpal, rF+ Will+ Int+3
                  | SInv}
 18709 | Lair:2   | Noticed a boulder beetle
 18722 | Lair:2   | Killed a boulder beetle
 19261 | Lair:2   | Reached XP level 13. HP: 33/61 MP: 7/14
 19542 | Lair:2   | Found a staircase to the Snake Pit.
 19911 | Lair:2   | Noticed Gastronok
 19926 | Lair:2   | Killed Gastronok
 20129 | Lair:2   | Found a staircase to the Shoals.
 20142 | Lair:2   | Noticed Erica
 20151 | Lair:2   | Killed Erica
 20562 | Lair:3   | Found a runed translucent gate.
 20562 | Lair:3   | Found a runed translucent gate.
 20562 | Lair:3   | Found a runed translucent gate.
 20566 | Lair:3   | Noticed Mefist's ghost (journeyman DEFE)
 21607 | Lair:3   | Killed Mefist's ghost
 21612 | Lair:3   | HP: 1/91 [12-headed hydra (10)]
 22034 | Lair:3   | Identified the +2 long sword "Wotusaymi" {freeze, Drain
                  | Dex+7}
 23474 | Lair:4   | Found a transporter.
 23480 | Lair:4   | Reached skill level 15 in Unarmed Combat
 23648 | Lair:4   | Found a transporter.
 23841 | Lair:4   | Reached skill level 15 in Evocations
 23950 | Lair:5   | Entered Level 5 of the Lair of Beasts
 24271 | Lair:5   | Reached XP level 14. HP: 66/66 MP: 15/15
 24315 | Lair:5   | Found a staircase to the Slime Pits.
 24316 | Lair:5   | Found a viscous altar of Jiyva.
 24605 | Lair:5   | Reached skill level 15 in Dodging
 24608 | Lair:5   | Noticed Urug
 24629 | Lair:5   | Killed Urug
 24968 | Lair:5   | Noticed Snorg
 24999 | Lair:5   | Killed Snorg
 25512 | Lair:5   | Reached skill level 16 in Dodging
 27166 | D:12     | Found a glowing golden altar of the Shining One.
 27310 | D:14     | HP: 1/69 [slime creature (8)]
 27322 | D:15     | Entered Level 15 of the Dungeon
 28032 | D:14     | Reached skill level 17 in Dodging
 28728 | D:14     | Reached XP level 15. HP: 73/73 MP: 16/16
 29230 | D:14     | Found a gate to the Vaults.
 29524 | D:15     | Reached skill level 18 in Dodging
 29894 | D:15     | HP: 3/112 [boulder beetle (15)]
 29895 | D:15     | Demolished by a boulder beetle
 29896 | D:15     | Reached XP level 14. HP: -17/106 MP: 0/15
 30011 | D:15     | Noticed a sphinx
 30018 | D:15     | a sphinx changed into an eleionoma
 30026 | D:15     | Shot with an arrow by a centaur warrior
 30027 | D:15     | Reached XP level 13. HP: -5/100 MP: 0/14
 30360 | D:15     | Found a staircase to the Depths.
 31164 | Shoals:1 | Entered Level 1 of the Shoals
 31180 | Shoals:1 | Reached skill level 19 in Dodging
 31495 | Shoals:1 | Noticed a merfolk impaler
 31504 | Shoals:1 | Mangled by a merfolk impaler

Illustrated notes

Levels and vault maps discovered:
D:1:      lightli_iron_boxes, layout_loops_ring
D:2:      minmay_inner_zag, layout_basic, basic_altar,
          hellmonk_ecumenical_altar_defaced_shrine, minmay_bisected
D:3:      layout_basic, minmay_overflow_temple_star_hex, nrook_campfire
D:4:      layout_loops_ring, st_stairs_7, uniq_edmund, uniq_natasha,
          uniq_sigmund
D:5:      layout_loops_ring, minmay_temple_entry_trees,
          gammafunk_ghost_nasty_kobolds, uniq_grinder, uniq_crazy_yiuf_cottage,
          uniq_duvessa
D:6:      layout_gridville, kennysheep_flooded_box
D:7:      layout_rooms, nicolae_qazlal_eye_of_the_storm
D:8:      layout_basic, lair_entry_dummy, minmay_nine_imps, uniq_maggie
D:9:      layout_basic, grunt_potential
D:10:     layout_roguey, orc_david_3, nicolae_trove_entry_crossroad,
          serial_shops, nicolae_inconvenience_store, enter_bailey_3,
          uniq_nergalle
D:11:     layout_loops_corners
D:12:     layout_roguey, tso_altar
D:13:     layout_stronghold, minivault_16, uniq_lodul, uniq_maurice
D:14:     layout_gridville, grunt_vaults_entry_fortified,
          wad_floor_pattern_untrapped
D:15:     grunt_enter_depths_magical_seal, layout_basic, chequers_avenue
Temple:   nicolae_temple_elliptical
Lair:1:   layout_long_grid, beast_lair_carwin_6
Lair:2:   layout_gridlike, minmay_shoals_entry_lonely_mermaid,
          minmay_snake_entry_six_corridors, infiniplex_staircase_pool,
          uniq_gastronok, uniq_erica
Lair:3:   layout_big_grid, gammafunk_ghost_hydra_chop, st_stairs_6,
          kennysheep_catoblepas_arena, grunt_megastairs_5, lemuel_fruit_tree
Lair:4:   gammafunk_worm_tunnel, layout_hall_layers, serial_rivers,
          chequers_serial_rivers_micro_c, chequers_serial_rivers_marsh,
          chequers_serial_rivers_micro_d, chequers_serial_rivers_small_b
Lair:5:   evilmike_catoblepas_cave, layout_loops_ring,
          nicolae_slime_entry_slimehenge, chequers_serial_rivers_micro_e,
          infiniplex_staircase_pool_2, uniq_urug, uniq_snorg
Shoals:1: layout_shoals, gammafunk_ghost_tricky_traps,
          nicolae_shoals_square_sea_wall, nicolae_shoals_lost_giant_pillars,
          yaktaur_hedge, uniq_josephine, uniq_jorgrun

Skill      XL: |  1  2  3  4  5  6  7  8  9 10 11 12 13 14 15 |
---------------+----------------------------------------------+-----
Stealth        | 1 2 3 4 6 8 10 | 10.0
Unarmed Combat | 4 5 6 7 10 13 15 | 15.0
Dodging        | 8 10 12 13 14 19 17 18 | 19.0
Fighting       | 4 6 8 9 10 14 13 | 14.3
Evocations     | 5 8 10 15 | 15.0

Action                   |  1- 3 |  4- 6 |  7- 9 | 10-12 | 13-15 || total
-------------------------+-------+-------+-------+-------+-------++-------
Melee: Unarmed           |    90 |   119 |   374 |   736 |   920 ||  2239
       Bite              |     8 |    15 |    49 |    89 |   148 ||   309
       Punch             |     3 |     4 |    29 |    52 |   115 ||   203
Invok: Berserk           |     2 |     4 |     8 |    15 |    20 ||    49
       Trog's Hand       |       |       |       |     2 |     8 ||    10
       Brothers in Arms  |       |       |       |       |     1 ||     1
Evoke: Wand              |       |       |       |     5 |     1 ||     6
       Condenser vane    |       |       |       |     1 |     3 ||     4
  Use: Scroll            |     8 |     2 |     6 |    12 |     3 ||    31
       Potion            |       |       |     4 |     2 |     2 ||     8
 Stab: Sleeping          |     7 |     8 |    10 |    35 |    25 ||    85
       Distracted        |       |     1 |     1 |     2 |     4 ||     8
       Petrified         |       |       |       |       |     4 ||     4
       Petrifying        |       |       |       |       |     1 ||     1
Armor: Skin              |     1 |     2 |    19 |    14 |    33 ||    69
Dodge: Dodged            |    58 |    87 |   348 |   744 |   930 ||  2167
